 Dungeon Crawl Stone Soup version 0.30-a0-561-g1b0378597e (webtiles) character file.

Game seed: 9234286213023260458

91 M4edhros the Cudgeller (level 4, -2/21 (25) HPs)
             Began as an Octopode Chaos Knight on Dec 28, 2022.
             Was a Plaything of Xom.
             Killed from afar by an orc wizard (13 damage)
             ... with a puff of flame
             ... on level 3 of the Dungeon.
             The game lasted 00:02:39 (16370 turns).

M4edhros the Cudgeller (Octopode Chaos Knight)     Turns: 16370, Time: 00:02:39

HP:   -2/21 (25)    AC:  1    Str: 13 (14) XL:     4   Next: 59%
MP:   4/4           EV: 14    Int:  9 (12) God:    Xom [......]
Gold: 181           SH:  0    Dex: 16      Spells: 3/3 levels left

rFire   . . .      SeeInvis .    a - +0 mace (chaos)
rCold   + . .      Faith    .    (no shield)
rNeg    . . .      Spirit   .    (helmet restricted)
rPois   .          Reflect  .    (no amulet)
rElec   .          Harm     .    (no ring)
rCorr   .          Rampage  .    (no ring)
Will    .....      Clarity  +    (no ring)
Stlth   ++                       (no ring)
HPRegen 0.23/turn                (no ring)
MPRegen 0.09/turn                (no ring)
                                 (no ring)
                                 (no ring)

@: heavily drained
A: almost no armour, amphibious, 8 rings, camouflage 1, gelatinous body 1,
(nimble swimmer 1), tentacles, agile 1, clarity, cold resistance 1,
deterioration 1, frail 2, strong 1, noise suppression
a: Renounce Religion


You were on level 3 of the Dungeon.
You worshipped Xom.
You were a very special plaything of Xom.
You visited 1 branch of the dungeon, and saw 3 of its levels.

You collected 181 gold pieces.

Inventory:

Hand Weapons
 a - a +0 mace of chaos (weapon)
Missiles
 f - 2 atropa-tipped darts
Armour
 i - a +0 chain mail
Scrolls
 c - a scroll of acquirement {unknown}
 d - a scroll of enchant weapon {unknown}
 g - a scroll of amnesia {unknown}
 h - a scroll of poison {unknown}
Miscellaneous
 b - a piece from Xom's chessboard (15/15) (quivered)
 j - a tin of tremorstones (1/2)


   Skills:
 + Level 3.6 Fighting
 * Level 4.3 Maces & Flails
 + Level 3.1 Dodging


You had 3 spell levels left.
You didn't know any spells.
Your spell library contained the following spells:

 Spells                   Type           Power      Damage    Failure   Level
 Cigotuvi's Dreadful Rot  Necr/Pois/Air  0%         N/A       52%         2
 Teleport Other           Tloc           0%         N/A       77%         3


Dungeon Overview and Level Annotations

Branches:
Dungeon (3/15)

Altars:


Innate Abilities, Weirdness & Mutations

You cannot wear most types of armour.
You are amphibious.
You can wear up to eight rings at the same time.
Your skin changes colour to match your surroundings (Stealth+).
Your rubbery body absorbs attacks. (AC +1, EV +1)
((You are camouflaged when in or above water. (Stealth+)))
You have tentacles for arms and can constrict up to eight enemies at once.
You are agile. (Dex +4, Str/Int -1)
You possess an exceptional clarity of mind.
Your flesh is cold resistant. (rC+)
Your body sometimes deteriorates upon taking damage.
You are very frail. (-20% HP)
Your muscles are strong. (Str +4, Int/Dex -1)
You passively dampen the noise of your surroundings.


Message History

There is a faded altar of an unknown god here.
Found a trident.
You now have 181 gold pieces (gained 3).
An adder comes into view.
An adder is nearby!
An adder is nearby!
The helpless adder fails to defend itself.
You hit the adder.
The adder seems to slow down.
You freeze the adder. Your grab misses the adder.
Your squeeze misses the adder.
The adder is lightly wounded.
The adder closely misses you.
You hit the adder. Your grab misses the adder.
The adder is heavily wounded.
The adder bites you.
You closely miss the adder. You grab the adder.
The adder is heavily wounded.
You constrict the adder. The adder completely misses you.
You barely miss the adder.
The adder is severely wounded.
You constrict the adder.
You kill the adder!
You feel your strength returning.
No target in view!
Unknown command.
An orc wizard comes into view. It is wielding a +0 dagger.
The orc wizard shouts!
An orc comes into view.
It is wielding a +0 hand axe and quivering boomerangs of dispersal.
The orc shouts!
The orc wizard casts a spell at you. The magic dart hits you!
Ouch! That really hurt!
Your body deteriorates!
You feel dopey.
You are too injured to fight recklessly!
You are too injured to fight recklessly!
You aren't carrying any potions.
The orc wizard points at you and mumbles some strange words.
The puff of flame hits you!
Ouch! That really hurt!
You die...
Xom chortles!

#.##...# .. .#####†.).# ...
......##..## #.#
#####......#### #.#
###.......# #.# ###...###.#
#.#######.........# #.
##.##.......#.#.#..#
##<.###..@..##._#........#
#.........#####...#.#.#..# #.
#.#.#.#.#.# ##.#........#
#.##.........####..#.#.#.#.##
##....#.#.#.#.##...##.......#
........o.....##!#######.####
..(...#.#.#.#....# .#
#...o........### #
#...#)#.#.#.####


You could see an orc wizard and an orc.

Vanquished Creatures
  An orc priest (D:3)
  A gnoll (D:1)
  An adder (D:3)
  2 orcs (D:3)
  3 ball pythons (D:1)
  2 endoplasms (D:1)
  2 giant cockroaches (D:1)
  5 goblins
  3 hobgoblins (D:1)
  5 bats (D:1)
  8 frilled lizards (D:1)
  3 kobolds
  6 rats
42 creatures vanquished.

Vanquished Creatures (others)
  7 plants (D:1)
7 creatures vanquished.

Grand Total: 49 creatures vanquished

Notes
Turn   | Place    | Note
-------+----------+-------------------------------------------
     0 | D:1      | M4edhros the Octopode Chaos Knight began the quest for the
                  | Orb.
     0 | D:1      | Reached XP level 1. HP: 16/16 MP: 1/1
    72 | D:1      | XOM: smoke on damage
    74 | D:1      | Reached XP level 2. HP: 18/21 MP: 2/2
    91 | D:1      | Reached XP level 3. HP: 8/26 MP: 3/3
   223 | D:1      | XOM: divination: magic mapping
  1947 | D:1      | XOM: scenery: 1 doors open
  1994 | D:1      | XOM: give mutations
  1994 | D:1      | Gained mutation: You possess an exceptional clarity of
                  | mind. [Xom's grace]
  1994 | D:1      | Gained mutation: You are partially covered in iridescent
                  | scales. (AC +2) [Xom's grace]
  2639 | D:1      | XOM: god gift: Xom's Catalogue of the Salamander {god gift}
  2640 | D:1      | Got Xom's Catalogue of the Salamander {god gift}
  2924 | D:1      | XOM: god gift: 39 gold pieces
  3184 | D:1      | XOM is BORED!
  3184 | D:1      | XOM: give mutations
  3184 | D:1      | Gained mutation: You occasionally shout uncontrollably at
                  | your foes. [Xom's mischief]
  3184 | D:1      | Lost mutation: You are partially covered in iridescent
                  | scales. (AC +2) [Xom's mischief]
  3184 | D:1      | Gained mutation: You are frail. (-10% HP) [Xom's mischief]
  3184 | D:1      | Gained mutation: You are agile. (Dex +4, Str/Int -1) [Xom's
                  | mischief]
  3857 | D:1      | XOM: god gift: chain mail {god gift}
  4012 | D:1      | XOM: divination: detect items
  4240 | D:1      | XOM: draining
  4653 | D:1      | XOM: scenery: 1 doors close
  4702 | D:1      | XOM: scenery: 1 doors open
  4847 | D:1      | XOM: god gift: 44 gold pieces
  4887 | D:1      | XOM: divination: detect creatures
  4980 | D:1      | Glimpsed the power of Zot.
  5581 | D:1      | XOM: god gift: tin of tremorstones (2/2)
  6723 | D:1      | XOM: god gift: blue potion {god gift}
  7296 | D:1      | XOM: give mutation
  7296 | D:1      | Gained mutation: You occasionally lose the ability to read
                  | scrolls when taking damage. [Xom's mischief]
  7651 | D:1      | XOM: give mutation
  7651 | D:1      | Gained mutation: You are somewhat resistant to further
                  | mutation. [Xom's mischief]
  7688 | D:1      | XOM: stat loss: -1 Str (8/10)
  7838 | D:1      | XOM is BORED!
  7838 | D:1      | XOM: give mutation
  7838 | D:1      | Gained mutation: You occasionally lose the ability to drink
                  | potions when taking damage. [Xom's mischief]
  8086 | D:1      | XOM: give mutations
  8086 | D:1      | Gained mutation: One of your tentacles bears a spike.
                  | [Xom's mischief]
  8086 | D:1      | Gained mutation: You are very frail. (-20% HP) [Xom's
                  | mischief]
  8725 | D:1      | XOM: stat loss: -1 Int (11/13)
 10190 | D:1      | XOM: draining
 10518 | D:1      | XOM is BORED!
 10979 | D:1      | Glimpsed the power of Zot.
 11172 | D:1      | XOM: divination: detect items
 11199 | D:1      | XOM: silly message
 11332 | D:1      | XOM: scenery: 1 doors open
 11484 | D:1      | XOM: divination: detect items
 11742 | D:1      | XOM: divination: magic mapping
 12522 | D:1      | XOM: noise
 13492 | D:1      | XOM: silly message
 13836 | D:1      | XOM is BORED!
 13836 | D:1      | XOM: noise
 13907 | D:1      | XOM: noise
 14671 | D:1      | XOM: summons 2 hostile demons
 15002 | D:1      | XOM: summons 2 hostile demons
 15165 | D:1      | XOM: give mutations
 15165 | D:1      | Gained mutation: Your body sometimes deteriorates upon
                  | taking damage. [Xom's mischief]
 15165 | D:1      | Lost mutation: You are somewhat resistant to further
                  | mutation. [Xom's mischief]
 15165 | D:1      | Lost mutation: You occasionally lose the ability to drink
                  | potions when taking damage. [Xom's mischief]
 15165 | D:1      | Gained mutation: You passively dampen the noise of your
                  | surroundings. [Xom's mischief]
 16067 | D:1      | XOM: summons 1 hostile demon
 16068 | D:1      | Noticed a ynoxinul
 16247 | D:2      | XOM is BORED!
 16247 | D:2      | XOM: 1-stop teleportation journey
 16255 | D:2      | XOM: noise
 16279 | D:2      | You fall into a shaft and drop 1 floor!
 16294 | D:3      | Lost mutation: You occasionally lose the ability to read
                  | scrolls when taking damage. [potion of mutation]
 16294 | D:3      | Lost mutation: One of your tentacles bears a spike. [potion
                  | of mutation]
 16294 | D:3      | Lost mutation: You occasionally shout uncontrollably at
                  | your foes. [potion of mutation]
 16294 | D:3      | Gained mutation: Your flesh is cold resistant. (rC+)
                  | [potion of mutation]
 16294 | D:3      | Gained mutation: Your muscles are strong. (Str +4, Int/Dex
                  | -1) [potion of mutation]
 16296 | D:3      | Reached skill level 4 in Maces & Flails
 16296 | D:3      | Reached XP level 4. HP: 17/20 MP: 4/4
 16336 | D:3      | Found a faded altar of an unknown god.
 16370 | D:3      | Killed from afar by an orc wizard

Illustrated notes

Levels and vault maps discovered:
D:1:      lemuel_arrival_muddy, layout_basic, minmay_lizard_king
D:2:      layout_basic, minmay_misc_feat_nine_boxes
D:3:      minmay_chambers_of_threes, layout_rooms, serial_glass,
          glass_columns_c, glass_columns_c, glass_columns_b, glass_columns_b,
          glass_columns_c, glass_columns_a, basic_ecumenical_altar

Skill      XL: |  1  2  3 |
---------------+----------+-----
Maces & Flails | 4 |  4.3
Dodging        | 3 |  3.1
Fighting       | |  3.6

Action                   |  1- 3 |  4- 6 || total
-------------------------+-------+-------++-------
Melee: Mace              |    62 |     7 ||    69
       Constrict         |    14 |     2 ||    16
       Tentacles         |    10 |       ||    10
       Kick              |     1 |       ||     1
       Punch             |     1 |       ||     1
Evoke: Tin of tremorston |     1 |       ||     1
  Use: Potion            |     3 |       ||     3
 Stab: Sleeping          |     6 |     1 ||     7
       Distracted        |     1 |       ||     1
Armor: Skin              |    10 |       ||    10
Dodge: Dodged            |    35 |     2 ||    37

Table legend: (Time is in decaauts)
 A = Elapsed time spent in this place.
 B = Non-inter-level travel time spent in this place.
 C = Inter-level travel time spent in this place.
 D = Time resting spent in this place.
 E = Time spent auto-exploring this place.
 F = Levels seen in this place.
 G = Mean time per level.
                   A        B        C        D        E       F      G
               +--------+--------+--------+--------+--------+-----+--------+
         Total |  16396 |  16297 |     99 |  15455 |    566 |   3 | 5465.3 |
       Dungeon |  16396 |  16297 |     99 |  15455 |    566 |   3 | 5465.3 |
               +--------+--------+--------+--------+--------+-----+--------+

Top non-repeatable levels by time:
     D:1: 15869 daAuts
     D:2: 431 daAuts
     D:3: 96 daAuts
